[Event "23rd ETCC Women 2021"]
[Site "Catez"]
[Date "2021.11.16"]
[Round "5.38"]
[White "Vanduyfhuys, Daria"]
[Black "Velikic, Adela"]
[Result "1/2-1/2"]
[ECO "D47"]
[WhiteElo "1933"]
[BlackElo "2287"]
[Annotator "RC"]
[PlyCount "190"]
[EventDate "2021.11.08"]
[EventType "team-tourn"]
[EventCountry "SLO"]
[SourceTitle "playchess.com"]
[Source "ChessBase"]
[SourceQuality "1"]
[WhiteTeam "Belgium"]
[BlackTeam "Serbia"]
[WhiteTeamCountry "BEL"]
[BlackTeamCountry "SRB"]
[TimeControl "40/5400+30:1800+30"]

1. d4 d5 2. c4 e6 3. Nf3 c6 4. e3 Nf6 5. Nc3 Nbd7 6. Bd3 dxc4 7. Bxc4 b5 8.
Bd3 Bd6 9. e4 e5 10. d5 cxd5 11. Nxb5 Bb4+ 12. Bd2 Bxd2+ 13. Nxd2 Nc5 14. Bc2 Ba6 15. a4 Bxb5 16. axb5 dxe4 17. O-O O-O 18. b4 Nd3 19. Nxe4 Nxe4 20. Qxd3 Qxd3 21. Bxd3 Nd6 22. Ra6 Rfd8 23.
Be2 Kf8 24. Rd1 Ne4 25. Rc1 Rac8 26. Rac6 Nd6 27. g3 g6 28. R1c5 Rb8 29. Rxe5 Rd7 30. Kf1 Re8 31. Rd5 Re6 32. Bg4 f5 33. Bf3 Ke7 34. b6 axb6 35. Rxb6 Rc7 36. Rb8 Rc3 37. Kg2 g5 38. h3 Rg6 39. Rc5 Rb3 40. Rc7+ Ke6 41. Rxh7 Rb2 42. Rc7 Rd2 43. Bc6 g4 44. Bd7+ Ke5 45. Rc5+ Kd4 46. Bxf5 gxh3+ 47. Kxh3 Rf6 48. g4 Rxf2 49. Kg3 Rb2 50. Kf4 Rxb4 51. Rxb4+ Kxc5 52. Rb1 Rf8 53. Re1 Kd5 54. Rd1+ Kc5 55. Kg5 Rg8+ 56. Kf6 Rf8+ 57. Ke7 Rxf5 58. gxf5 Nxf5+ 59. Ke6 Nd4+ 60. Ke5 Nc6+ 61.
Ke4 Ne7 62. Rc1+ Kd6 63. Ra1 Nc6 64. Ra8 Kc5 65. Rc8 Kd6 66.
Rh8 Kc5 67. Rh5+ Kd6 68. Rd5+ Ke6 69. Rd1 Ne7 70. Kf4 Nd5+ 71. Kg5 Ke5 72. Re1+ Kd4 73. Re8 Nc3 74. Kf4 Nd5+ 75. Kf3 Nc3 76. Re3 Kc4 77. Re5 Kd4 78. Kf4 Nd5+ 79. Kf5 Ne3+ 80. Ke6 Ng2 81. Kd6 Ne3 82. Rc5 Nc4+ 83. Kc6 Ne5+ 84. Kb5 Ke4 85. Rc1 Kd4 86. Rd1+ Ke4 87. Kc5 Nd3+ 88. Kd6 Kd4 89. Rb1 Ke4 90. Ra1 Kd4 91. Ra4+ Ke3 92. Rh4 Nf4 93. Rh8 Ke4 94. Re8+ Kd4 95. Re1 Nd3 1/2-1/2

[Event "23rd ETCC Women 2021"]
[Site "Catez"]
[Date "2021.11.16"]
[Round "5.39"]
[White "Eric, Jovana"]
[Black "Barbier, Astrid"]
[Result "1-0"]
[ECO "C54"]
[WhiteElo "2253"]
[BlackElo "1915"]
[Annotator "NA"]
[PlyCount "75"]
[EventDate "2021.11.08"]
[EventType "team-tourn"]
[EventCountry "SLO"]
[SourceTitle "playchess.com"]
[Source "ChessBase"]
[SourceQuality "1"]
[WhiteTeam "Serbia"]
[BlackTeam "Belgium"]
[WhiteTeamCountry "SRB"]
[BlackTeamCountry "BEL"]
[TimeControl "40/5400+30:1800+30"]

1. e4 e5 2. Nf3 Nc6 3. Bc4 Bc5 4. O-O Nf6 5. d3 a6 6. c3 Ba7 7. Bb3 d6 8. Nbd2 O-O 9. h3 h6 10. Re1 Re8 11. Nf1 Ne7 12. Ng3 Ng6 13.
d4 Qe7 14. Nf5 Qf8 15. Bc2 b5 16. a4 Bb7 17. d5 Ne7 18. N3h4 Nxf5 19. Nxf5 Red8 20. Qf3 c6 21. dxc6 Bxc6 22. Nxh6+ gxh6 23. Qxf6 Kh7 24. Qf5+ Kh8 25. Qh5 Kh7 26. Bd1 Bd7 27. Bg4 Be6 28. Be3 Qg7 29. Bxa7 Rxa7 30. axb5 a5 31. Re3 Rb8 32. Bf5+ Kh8 33. Bxe6 fxe6 34. Rg3 Qf8 35. Rg6 Kh7 36. Rxe6 Rf7 37. Rxa5 Qg7 38. Rxh6+ 1-0

[Event "23rd ETCC Women 2021"]
[Site "Catez"]
[Date "2021.11.16"]
[Round "5.40"]
[White "Dierckens, Sarah"]
[Black "Gajcin, Marina"]
[Result "0-1"]
[ECO "B33"]
[WhiteElo "1795"]
[BlackElo "2198"]
[Annotator "NA"]
[PlyCount "108"]
[EventDate "2021.11.08"]
[EventType "team-tourn"]
[EventCountry "SLO"]
[SourceTitle "playchess.com"]
[Source "ChessBase"]
[SourceQuality "1"]
[WhiteTeam "Belgium"]
[BlackTeam "Serbia"]
[WhiteTeamCountry "BEL"]
[BlackTeamCountry "SRB"]
[TimeControl "40/5400+30:1800+30"]

1. e4 c5 2. Nf3 Nc6 3. d4 cxd4 4. Nxd4 Nf6 5. Nc3 e5 6.
Ndb5 d6 7. Bg5 a6 8. Na3 b5 9. Nd5 Be7 10. Bxf6 Bxf6 11. c3 Bg5 12. Nc2 O-O 13. Qh5 g6 14. Qf3 f5 15. h4 fxe4 16. Qxe4 Bf5 17. Qe2 Bxh4 18. g3 Bg5 19. Bg2 Rb8 20. Nce3 Be6 21. Be4 Qd7 22. Qd3 Bxe3 23. Qxe3 Ne7 24. O-O-O Nxd5 25. Bxd5 Bxd5 26. Rxd5 Qc7 27. Rhd1 Rf6 28. Qg5 Rbf8 29. Qh4 Qb6 30. Qb4 Qxf2 31. Rxd6 Qxg3 32. Rxf6 Qg5+ 33. Kc2 Qxf6 34. Rd6 Qf5+ 35. Kb3 Qf4 36. Rxa6 Qxb4+ 37. cxb4 Re8 38. Kc3 e4 39. Kd2 Kg7 40. Ra7+ Kh6 41. Ke3 g5 42. Ra5 Kh5 43. Rxb5 Kg4 44. a4 h5 45. Rc5 h4 46. Rc1 h3 47. b5 h2 48. b6 Kh3 49. a5 g4 50. b7 g3 51. Rc8 h1=Q 52. Rxe8 Qe1+ 53. Kf4 Qf1+ 54. Ke3 Qf2+ 0-1

[Event "23rd ETCC Women 2021"]
[Site "Catez"]
[Date "2021.11.16"]
[Round "5.41"]
[White "Shvayger, Yuliya"]
[Black "Unuk, Laura"]
[Result "1/2-1/2"]
[ECO "C48"]
[WhiteElo "2351"]
[BlackElo "2353"]
[Annotator "NA"]
[PlyCount "104"]
[EventDate "2021.11.08"]
[EventType "team-tourn"]
[EventCountry "SLO"]
[SourceTitle "playchess.com"]
[Source "ChessBase"]
[SourceQuality "1"]
[WhiteTeam "Israel"]
[BlackTeam "Slovenia"]
[WhiteTeamCountry "ISR"]
[BlackTeamCountry "SLO"]
[TimeControl "40/5400+30:1800+30"]

1. e4 e5 2. Nf3 Nc6 3. Nc3 Nf6 4. Bb5 Nd4 5. Nxd4 exd4 6.
Nd5 Nxd5 7. exd5 Qe7+ 8. Qe2 a6 9. Bd3 d6 10. b3 g6 11. Bb2 Bg7 12. Qxe7+ Kxe7 13. O-O Re8 14. f4 f5 15. a4 Bd7 16. a5 Bb5 17. Bxb5 axb5 18. Rfe1+ Kd7 19. Rxe8 Rxe8 20. Kf2 Ra8 21.
Ra2 Bf6 22. c3 c6 23. dxc6+ Kxc6 24. Ke2 Bd8 25. b4 Kd5 26. Kd3 Bf6 27. cxd4 Ra6 28. Bc3 Ra8 29. Ra1 Bh4 30. Bb2 Bf6 31. Rc1 Bd8 32. g3 h6 33. h3 h5 34. Rh1 Rc8 35. Bc3 Bf6 36. Ra1 Ra8 37. Bb2 Re8 38.
Rc1 Re4 39. Rc7 Re7 40. Rc8 Rh7 41. h4 Re7 42. Rf8 Bg7 43.
Rg8 Rc7 44. Bc3 Re7 45. Ra8 Bh6 46. a6 bxa6 47. Rxa6 Re1 48. Ra1 Rxa1 49. Bxa1 Bg7 50. Bb2 Bf6 51. Ba1 Bg7 52. Bb2 Bf6 1/2-1/2

[Event "23rd ETCC Women 2021"]
[Site "Catez"]
[Date "2021.11.16"]
[Round "5.42"]
[White "Urh, Zala"]
[Black "Klinova, Masha"]
[Result "1/2-1/2"]
[ECO "A41"]
[WhiteElo "2332"]
[BlackElo "2264"]
[Annotator "NA"]
[PlyCount "95"]
[EventDate "2021.11.08"]
[EventType "team-tourn"]
[EventCountry "SLO"]
[SourceTitle "playchess.com"]
[Source "ChessBase"]
[SourceQuality "1"]
[WhiteTeam "Slovenia"]
[BlackTeam "Israel"]
[WhiteTeamCountry "SLO"]
[BlackTeamCountry "ISR"]
[TimeControl "40/5400+30:1800+30"]

1. d4 d6 2. Nf3 g6 3. c4 Bg7 4. Nc3 Nc6 5. d5 Ne5 6. Nxe5 Bxe5 7. g3 Bg7 8.
Bg2 Nf6 9. O-O O-O 10. e4 e5 11. Rb1 a5 12. a3 Nd7 13. b4 axb4 14. axb4 f5 15.
Ne2 Nf6 16. f3 fxe4 17. fxe4 Ng4 18. h3 Rxf1+ 19. Qxf1 Nh6 20. Nc3 Nf7 21. Rb2 Qe7 22. Rf2 Ra1 23. Ra2 Rxa2 24. Nxa2 Bh6 25. Bxh6 Nxh6 26. Qc1 Nf7 27. Qa3 Kg7 28. Qa8 Qd7 29. Nc3 Ng5 30.
h4 Nh3+ 31. Kh2 Nf2 32. Qa7 Nd3 33. Nb5 c6 34. dxc6 bxc6 35.
Qxd7+ Bxd7 36. Nxd6 Nxb4 37. Bh3 Bxh3 38. Kxh3 Kf6 39. Kg4 Nd3 40. Nb7 h5+ 41. Kf3 Ke6 42. Ke2 Nc1+ 43. Ke3 Nb3 44. Nd8+ Kd7 45. Nf7 Ke6 46. Nd8+ Kd7 47. Nf7 Ke6 48. Nd8+ 1/2-1/2

[Event "23rd ETCC Women 2021"]
[Site "Catez"]
[Date "2021.11.16"]
[Round "5.43"]
[White "Levitan, Ronit"]
[Black "Janzelj, Lara"]
[Result "1-0"]
[ECO "C55"]
[WhiteElo "2068"]
[BlackElo "2150"]
[Annotator "NA"]
[PlyCount "111"]
[EventDate "2021.11.08"]
[EventType "team-tourn"]
[EventCountry "SLO"]
[SourceTitle "playchess.com"]
[Source "ChessBase"]
[SourceQuality "1"]
[WhiteTeam "Israel"]
[BlackTeam "Slovenia"]
[WhiteTeamCountry "ISR"]
[BlackTeamCountry "SLO"]
[TimeControl "40/5400+30:1800+30"]

1. e4 e5 2. Nf3 Nc6 3. Bc4 Nf6 4. d3 h6 5. a4 d6 6. O-O g5 7. Nc3 Bg7 8. a5 a6 9. d4 Bg4 10. dxe5 Nxe5 11. Be2 Bxf3 12. Bxf3 Nxf3+ 13. Qxf3 Qe7 14. e5 dxe5 15. Qxb7 O-O 16. Re1 Qd6 17. Ne4 Nxe4 18. Qxe4 Rab8 19. b3 Qe6 20. Bb2 f5 21. Qe2 g4 22. Ra4 Rf7 23. Rc4 Rb5 24. Bc3 Rd5 25. Rd1 Rxd1+ 26. Qxd1 Rd7 27. Qe2 Qd6 28. h3 h5 29. Bb4 Qh6 30. Ba3 gxh3 31. gxh3 e4 32. Qf1 Be5 33. Bc1 Rg7+ 34. Kh1 Qg6 35. Rc5 Bd6 36. Rd5 Qf6 37. Qxa6 Qe6 38. Qc4 Kh7 39. Bb2 Rg6 40. Rd1 Qxc4 41. bxc4 Rg8 42. Rd5 Kg6 43. c5 Bf4 44. c6 Rb8 45. Bd4 Rb4 46. a6 Ra4 47. a7 Bg5 48.
Rd7 f4 49. Rxc7 Bf6 50. Bxf6 Kxf6 51. Rf7+ Kxf7 52. c7 e3 53. fxe3 fxe3 54. c8=Q e2 55. Qf5+ Kg7 56. Qe5+ 1-0

[Event "23rd ETCC Women 2021"]
[Site "Catez"]
[Date "2021.11.16"]
[Round "5.44"]
[White "Rozman, Monika"]
[Black "Katkov, Michelle"]
[Result "1/2-1/2"]
[ECO "C54"]
[WhiteElo "2112"]
[BlackElo "2059"]
[Annotator "NA"]
[PlyCount "89"]
[EventDate "2021.11.08"]
[EventType "team-tourn"]
[EventCountry "SLO"]
[SourceTitle "playchess.com"]
[Source "ChessBase"]
[SourceQuality "1"]
[WhiteTeam "Slovenia"]
[BlackTeam "Israel"]
[WhiteTeamCountry "SLO"]
[BlackTeamCountry "ISR"]
[TimeControl "40/5400+30:1800+30"]

1. e4 e5 2. Nf3 Nc6 3. Bc4 Bc5 4. c3 Nf6 5. d3 d6 6. O-O O-O 7. Re1 a5 8. h3 h6 9. Nbd2 Be6 10. Bb5 Qb8 11. Nf1 Qa7 12. Be3 Bxe3 13.
Nxe3 a4 14. Bc4 Bxc4 15. Nxc4 b5 16. Ne3 Rfe8 17. Nh4 Ne7 18.
Qf3 Rad8 19. Nhf5 Nxf5 20. Nxf5 Kh7 21. d4 exd4 22. Nxd4 Qb7 23. Qf5+ Kg8 24. Qxb5 Qxb5 25. Nxb5 Rb8 26. c4 Rxe4 27. b3 axb3 28.
axb3 Rxe1+ 29. Rxe1 Kf8 30. Re3 d5 31. Nxc7 dxc4 32. bxc4 Rc8 33. Nd5 Rxc4 34. Nxf6 gxf6 35. g3 Kg7 36. Kg2 f5 37. Ra3 Kg6 38.
Ra6+ f6 39. Ra3 Kg5 40. Rb3 h5 41. h4+ Kg6 42. Ra3 Rb4 43.
Kf3 Rc4 44. Rd3 Rb4 45. Ra3 1/2-1/2

[Event "23rd ETCC Women 2021"]
[Site "Catez"]
[Date "2021.11.16"]
[Round "5.45"]
[White "Pilsova, Karolina"]
[Black "Stojkovska, Monika"]
[Result "1-0"]
[ECO "C07"]
[WhiteElo "2281"]
[BlackElo "2066"]
[Annotator "NA"]
[PlyCount "81"]
[EventDate "2021.11.08"]
[EventType "team-tourn"]
[EventCountry "SLO"]
[SourceTitle "playchess.com"]
[Source "ChessBase"]
[SourceQuality "1"]
[WhiteTeam "Czech Republic"]
[BlackTeam "Macedonia"]
[WhiteTeamCountry "CZE"]
[BlackTeamCountry "MKD"]
[TimeControl "40/5400+30:1800+30"]

1. e4 e6 2. d4 d5 3. Nd2 c5
4. exd5 Qxd5 5. Ngf3 cxd4 6. Bc4 Qd7 7. O-O Nc6 8. Nb3 a6 9. Nbxd4 Nxd4 10. Nxd4 Qc7 11. Qe2 Bd6
12. Kh1 Ne7 13. Rd1 Bxh2 14.
Bxe6 Be5 15. Bxc8 Rxc8 16. Bg5 O-O 17. Nf3 Bxb2 18. Rab1 Ba3 19. Rb3 Bc5 20. Rc3 Ng6 21. Be3 Qa5 22. Qc4 b5 23. Qb3 Bxe3 24.
Rxe3 Qc7 25. Rd2 Qc4 26. Kg1 h6 27. Red3 Nf4 28. Rd7 Rc5 29.
g3 Ne2+ 30. Kg2 Nc3 31. Ra7 Qxb3 32. axb3 Rc6 33. Ne5 Re6 34. f4 Ne4 35. Rdd7 Rf6 36. Re7 Rd8 37. Nxf7 Rd2+ 38. Kf3 Rf2+ 39. Ke3 Rf1 40. Re8+ Kh7 41. Rxe4 1-0

[Event "23rd ETCC Women 2021"]
[Site "Catez"]
[Date "2021.11.16"]
[Round "5.46"]
[White "Bejatovic, Bojana"]
[Black "Petrova, Kristyna"]
[Result "0-1"]
[ECO "D00"]
[WhiteElo "2031"]
[BlackElo "2275"]
[Annotator "NA"]
[PlyCount "74"]
[EventDate "2021.11.08"]
[EventType "team-tourn"]
[EventCountry "SLO"]
[SourceTitle "playchess.com"]
[Source "ChessBase"]
[SourceQuality "1"]
[WhiteTeam "Macedonia"]
[BlackTeam "Czech Republic"]
[WhiteTeamCountry "MKD"]
[BlackTeamCountry "CZE"]
[TimeControl "40/5400+30:1800+30"]

1. d4 Nf6 2. Nc3 d5 3. Bf4 e6 4. e3 a6 5. g4 h6 6. Qf3 Bd6 7. h4 Bxf4 8. exf4 Qd6 9. g5 Ne4 10. Nge2 Nxc3 11. Nxc3 Nc6 12. O-O-O Ne7 13. Bd3 Bd7 14. Rdg1 O-O-O 15. gxh6 g6 16. h5 Rxh6 17. hxg6 Rxh1 18. Rxh1 fxg6 19. Ne2 Bb5 20. Bxb5 axb5 21. Qg4 b4 22. Rh7 Nf5 23. Qg5 Qa6 24. Kd2 Qxa2 25. Qxg6 Qa6 26. Qf6 Qd6 27. Qe5 Rf8 28. Kd3 Qa6+ 29. Kd2 Qb6 30. Kd3 Kb8 31. Nc1 Nd6 32. Qg7 Rxf4 33. Qh8+ Ka7 34. Nb3 Qa6+ 35. Ke3 Re4+ 36. Kf3 Qe2+ 37. Kg3 Rg4+ 0-1

[Event "23rd ETCC Women 2021"]
[Site "Catez"]
[Date "2021.11.16"]
[Round "5.47"]
[White "Miturova, Magdalena"]
[Black "Nikolovska, Dragana"]
[Result "1-0"]
[ECO "B15"]
[WhiteElo "2248"]
[BlackElo "1877"]
[Annotator "NA"]
[PlyCount "53"]
[EventDate "2021.11.08"]
[EventType "team-tourn"]
[EventCountry "SLO"]
[SourceTitle "playchess.com"]
[Source "ChessBase"]
[SourceQuality "1"]
[WhiteTeam "Czech Republic"]
[BlackTeam "Macedonia"]
[WhiteTeamCountry "CZE"]
[BlackTeamCountry "MKD"]
[TimeControl "40/5400+30:1800+30"]

1. e4 g6 2. d4 Bg7 3. Nc3 c6 4. Nf3 d5 5. h3 dxe4 6. Nxe4 Nf6 7. Nxf6+ exf6 8.
Bd3 O-O 9. O-O Be6 10. Be3 Nd7 11. c4 Nb6 12. Rc1 Re8 13. Qb3 Qe7 14. a4 Rad8 15. Rfd1 Nc8 16. Bf1 Bf5 17. Bf4 Rd7 18. d5 cxd5 19. cxd5 Be4 20. Bb5 Nd6 21. Bxd7 Qxd7 22. Nd4 b6 23. Bxd6 Qxd6 24. Nb5 Qb8 25. d6 Bf5 26. Nd4 Bd7 27. Rc7 1-0

[Event "23rd ETCC Women 2021"]
[Site "Catez"]
[Date "2021.11.16"]
[Round "5.48"]
[White "Manova, Ivana"]
[Black "Richterova, Natasa"]
[Result "0-1"]
[ECO "C47"]
[WhiteElo "1809"]
[BlackElo "2185"]
[Annotator "NA"]
[PlyCount "74"]
[EventDate "2021.11.08"]
[EventType "team-tourn"]
[EventCountry "SLO"]
[SourceTitle "playchess.com"]
[Source "ChessBase"]
[SourceQuality "1"]
[WhiteTeam "Macedonia"]
[BlackTeam "Czech Republic"]
[WhiteTeamCountry "MKD"]
[BlackTeamCountry "CZE"]
[TimeControl "40/5400+30:1800+30"]

1. e4 e5 2. Nf3 Nf6 3. Nc3 Nc6 4. d4 exd4 5. Nxd4 Nxe4 6.
Nxe4 Qe7 7. f3 d5 8. Bb5 Bd7 9. Bxc6 bxc6 10. O-O dxe4 11. fxe4 g6 12. Qd3 Bg7 13. Bf4 O-O 14. c3 Rab8 15. Rf2 c5 16. Nb3 Bb5 17. Qe3 c4 18.
Nc5 Bc6 19. Re1 Rfe8 20. Na6 Rb7 21. e5 Rb6 22. Nb4 Bb7 23.
Qe2 Qe6 24. a4 a5 25. Na2 Bc6 26. Qc2 Reb8 27. Qc1 Bxa4 28. Bh6 Bxh6 29. Qxh6 Rxb2 30. Rf4 Qd5 31. Rg4 Bc6 32. Qh3 Bd7 33. e6 Bxe6 34. Nc1 Bxg4 35. Qxg4 Qd2 36. Rd1 Qf2+ 37. Kh1 Re8 0-1

[Event "23rd ETCC Women 2021"]
[Site "Catez"]
[Date "2021.11.16"]
[Round "5.49"]
[White "Ptacnikova, Lenka"]
[Black "Hrescak, Ivana"]
[Result "0-1"]
[ECO "B34"]
[WhiteElo "2200"]
[BlackElo "2138"]
[Annotator "NA"]
[PlyCount "42"]
[EventDate "2021.11.08"]
[EventType "team-tourn"]
[EventCountry "SLO"]
[SourceTitle "playchess.com"]
[Source "ChessBase"]
[SourceQuality "1"]
[WhiteTeam "Iceland"]
[BlackTeam "Slovenia"]
[WhiteTeamCountry "ISL"]
[BlackTeamCountry "SLO"]
[TimeControl "40/5400+30:1800+30"]

1. e4 c5 2. Nc3 Nc6 3. Nge2 g6 4. d4 cxd4 5. Nxd4 Bg7 6.
Nde2 d6 7. g3 Bg4 8. Bg2 Qc8 9. h3 Bd7 10. Nd5 Nf6 11. O-O Ne5 12. Nef4 Nxd5 13. exd5 h5 14. Re1 Bf6 15. Qe2 Bf5 16. c3 Kf8 17. Kh2 g5 18. Nxh5 Bxh3 19. Bxh3 g4 20. Bg2 Qf5 21. f4 gxf3 0-1

[Event "23rd ETCC Women 2021"]
[Site "Catez"]
[Date "2021.11.16"]
[Round "5.50"]
[White "Kolaric, Spela"]
[Black "Thorsteinsdottir, Hallgerdur"]
[Result "1/2-1/2"]
[ECO "D02"]
[WhiteElo "2178"]
[BlackElo "2010"]
[Annotator "RC"]
[PlyCount "226"]
[EventDate "2021.11.08"]
[EventType "team-tourn"]
[EventCountry "SLO"]
[SourceTitle "playchess.com"]
[Source "ChessBase"]
[SourceQuality "1"]
[WhiteTeam "Slovenia"]
[BlackTeam "Iceland"]
[WhiteTeamCountry "SLO"]
[BlackTeamCountry "ISL"]
[TimeControl "40/5400+30:1800+30"]

1. d4 Nf6 2. Nf3 g6 3. Bf4 Bg7 4. e3 O-O 5. Be2 c5 6. c3 d5 7. h3 b6 8. O-O Ba6 9. Bxa6 Nxa6 10. Nbd2 Re8 11. Bh2 Nd7 12. Qa4 Nc7 13. Rad1 a5 14. Qc6 e5 15. Nxe5 Nxe5 16. Bxe5 Bxe5 17. dxe5 Re6 18. Qa4 Rxe5 19. Nf3 Re4 20. Qc2 Qe7 21. Rd2 b5 22. Rc1 a4 23. Qd1 Ra6 24. Ne1 h6 25. b3 Rae6 26. Nf3 axb3 27. axb3 Qf6 28. b4 cxb4 29. cxb4 Rc4 30. Nd4 Ra6 31. Rdc2 Qd6 32. Rb1 Ra7 33. Rcb2 Ra3 34. Qg4 Rac3 35. Qd1 Ra3 36. Qd2 Ra4 37. Rb3 h5 38. Ne2 Kh7 39. Qb2 Na6 40. Nc3 Raxb4 41. Nxb5 Qc5 42. Nd4 Rxb3 43. Qxb3 Nb4 44. Qd1 Nc6 45. Qf3 Ne5 46. Qf6 Rc1+ 47. Rxc1 Qxc1+ 48. Kh2 Qc7 49. g3 Kg8 50. Kg2 Nd3 51. Nc6 Kh7 52. Ne7 Ne5 53. Nxd5 Qb8 54. e4 Kg8 55. Qe7 Nc6 56. Qf6 Ne5 57. Qf4 Kg7 58. g4 hxg4 59. hxg4 Qd6 60. g5 Qe6 61. Nf6 Nd7 62. Ng4 Nc5 63. e5 Nd7 64. Kg3 Qf5 65. Nf6 Qxf4+ 66. Kxf4 Nf8 67. Ke4 Ne6 68. f4 Kf8 69. Nd5 Ke8 70. Kf3 Nd4+ 71. Kg4 Nf5 72. Kf3 Kd7 73. Nc3 Ke6 74. Ne4 Kd5 75. Nf6+ Ke6 76. Ng4 Ng7 77. Ke4 Nf5 78. Nh6 Ng7 79. Ke3 Nh5 80. Kf3 Ng7 81. Kg4 Ne8 82. Kf3 Ng7 83. Ke4 Ne8 84. f5+ gxf5+ 85. Nxf5 Nc7 86. Nd4+ Ke7 87. Kf5 Nd5 88. Nc2 Kf8 89. Nd4 Ne7+ 90. Ke4 Ng6 91. Nf5 Ke8 92. Nd4 Ne7 93. e6 fxe6 94. Nxe6 Kf7 95. Nf4 Kg7 96. Kf3 Nf5 97. Kg4 Ne7 98. Kh5 Kh7 99. Ne6 Ng6 100. Kg4 Ne7 101. Kf4 Kg6 102. Nf8+ Kf7 103. Nd7 Kg6 104. Ne5+ Kg7 105. Nf3 Ng6+ 106.
Kf5 Ne7+ 107. Ke6 Ng6 108. Nd4 Nf8+ 109. Kf5 Kf7 110. Nc6 Kg7 111. Ne5 Nh7 112. g6 Nf8 113. Kg5 Nxg6 1/2-1/2

[Event "23rd ETCC Women 2021"]
[Site "Catez"]
[Date "2021.11.16"]
[Round "5.51"]
[White "Johannsdottir, Johanna Bjorg"]
[Black "Ruzic, Pia Marie"]
[Result "0-1"]
[ECO "C01"]
[WhiteElo "1952"]
[BlackElo "2049"]
[Annotator "NA"]
[PlyCount "38"]
[EventDate "2021.11.08"]
[EventType "team-tourn"]
[EventCountry "SLO"]
[SourceTitle "playchess.com"]
[Source "ChessBase"]
[SourceQuality "1"]
[WhiteTeam "Iceland"]
[BlackTeam "Slovenia"]
[WhiteTeamCountry "ISL"]
[BlackTeamCountry "SLO"]
[TimeControl "40/5400+30:1800+30"]

1. e4 e6 2. d4 d5 3. Nd2 c5 4. c3 Nc6 5. dxc5 Bxc5 6. exd5 exd5 7. Nb3 Bb6 8. Nf3 Nf6 9. Bd3 O-O 10. O-O Bg4 11. Bg5 Qd6 12. Be2 Rfe8 13.
Nbd4 Nxd4 14. Nxd4 Rxe2 15. f3 Rae8 16. Bxf6 Qxf6 17. fxg4 Qh4 18. Kh1 Bc7 19. h3 Qg3 0-1

[Event "23rd ETCC Women 2021"]
[Site "Catez"]
[Date "2021.11.16"]
[Round "5.52"]
[White "Hercog, Nusa"]
[Black "Hauksdottir, Hrund"]
[Result "1-0"]
[ECO "D36"]
[WhiteElo "1983"]
[BlackElo "1731"]
[Annotator "NA"]
[PlyCount "127"]
[EventDate "2021.11.08"]
[EventType "team-tourn"]
[EventCountry "SLO"]
[SourceTitle "playchess.com"]
[Source "ChessBase"]
[SourceQuality "1"]
[WhiteTeam "Slovenia"]
[BlackTeam "Iceland"]
[WhiteTeamCountry "SLO"]
[BlackTeamCountry "ISL"]
[TimeControl "40/5400+30:1800+30"]

1. d4 d5 2. c4 c6 3. Nc3 Nf6 4. Nf3 e6 5. cxd5 exd5 6. Qc2 Bd6 7. Bg5 O-O 8. e3 Nbd7 9. Bd3 h6 10. Bh4 Re8 11. O-O-O b5 12. Kb1 Qa5 13. Nd2 Qb6 14. Rde1 a5 15. f3 Bb4 16. g4 Bxc3 17. Qxc3 b4 18.
Qc2 c5 19. dxc5 Nxc5 20. Bxf6 Nxd3 21. Qxd3 Qxf6 22. Qxd5 Be6 23. Qd3 Red8 24. Qe2 a4 25. Ne4 Qe7 26. Ng3 a3 27. b3 Bxb3 28. axb3 a2+ 29. Ka1 Qf6+ 30. Qb2 Qxb2+ 31. Kxb2 Rd2+ 32. Ka1 Rd3 33. Re2 Rxb3 34. Rxa2 Rxa2+ 35. Kxa2 Rxe3 36.
Rf1 g6 37. Rf2 Kg7 38. f4 Ra3+ 39. Kb2 Ra6 40. Kb3 Rb6 41. Re2 Rd6 42. Kc4 b3 43. Kxb3 Rd4 44. Rf2 Kf6 45. Kc3 Ra4 46. Kd3 Ra3+ 47. Ke4 Ra4+ 48. Kf3 Ra3+ 49. Kg2 Ra4 50. h3 Kg7 51. f5 Ra6 52. Ne4 f6 53. fxg6 Kxg6 54. Rf5 Kg7 55. Kg3 Kg6 56. Kf4 Rb6 57. Rxf6+ Rxf6+ 58. Nxf6 Kxf6 59. h4 Kg6 60. Ke5 Kf7 61. Kf5 Kg7 62. Ke6 Kg6 63. Ke7 Kg7 64. h5 1-0

[Event "23rd ETCC Women 2021"]
[Site "Catez"]
[Date "2021.11.16"]
[Round "5.53"]
[White "Dolzhikova, Olga"]
[Black "Hapala, Elisabeth"]
[Result "0-1"]
[ECO "B22"]
[WhiteElo "2187"]
[BlackElo "2139"]
[Annotator "NA"]
[PlyCount "64"]
[EventDate "2021.11.08"]
[EventType "team-tourn"]
[EventCountry "SLO"]
[SourceTitle "playchess.com"]
[Source "ChessBase"]
[SourceQuality "1"]
[WhiteTeam "Norway"]
[BlackTeam "Austria"]
[WhiteTeamCountry "NOR"]
[BlackTeamCountry "AUT"]
[TimeControl "40/5400+30:1800+30"]

1. e4 c5 2. c3 Nf6 3. e5 Nd5 4. d4 cxd4 5. Nf3 e6 6. cxd4 d6 7. Bc4 Be7 8. O-O O-O 9. Qe2 Bd7 10. Nc3 Nxc3 11. bxc3 Bc6 12. Bf4 Qc7 13. Bb3 Nd7 14. Rfe1 Bxf3 15. Qxf3 dxe5 16. dxe5 Rac8 17. Qg4 Kh8 18.
Re3 Rfd8 19. Rae1 Nf8 20. Bc2 g6 21. Bh6 Kg8 22. Rf3 Qc4 23.
Re4 Qxa2 24. g3 Rxc3 25. Be3 Rxe3 26. Rexe3 Qxc2 27. Kg2 Nd7 28. Qf4 Rf8 29. Rc3 Qb2 30. Rb3 Qxe5 31. Rxb7 Qd5 32. Rxa7 g5 0-1

[Event "23rd ETCC Women 2021"]
[Site "Catez"]
[Date "2021.11.16"]
[Round "5.54"]
[White "Teuschler, Barbara"]
[Black "Machlik, Monika"]
[Result "0-1"]
[ECO "B19"]
[WhiteElo "2115"]
[BlackElo "2096"]
[Annotator "NA"]
[PlyCount "78"]
[EventDate "2021.11.08"]
[EventType "team-tourn"]
[EventCountry "SLO"]
[SourceTitle "playchess.com"]
[Source "ChessBase"]
[SourceQuality "1"]
[WhiteTeam "Austria"]
[BlackTeam "Norway"]
[WhiteTeamCountry "AUT"]
[BlackTeamCountry "NOR"]
[TimeControl "40/5400+30:1800+30"]

1. e4 c6 2. d4 d5 3. Nc3 dxe4 4. Nxe4 Bf5 5. Ng3 Bg6 6. h4 h6 7. Nf3 Nd7 8. h5 Bh7 9. Bd3 Bxd3 10. Qxd3 e6 11. Bd2 Ngf6 12. O-O-O Be7 13. Ne4 Nxe4 14. Qxe4 Nf6 15. Qd3 c5 16. Kb1 O-O 17. g4 Nxg4 18.
Qe2 Qb6 19. Rhg1 f5 20. Ne5 Nxe5 21. dxe5 f4 22. Qg4 Bg5 23. Bc1 Rad8 24. Rxd8 Rxd8 25. c3 Qc6 26. Ka1 Kh8 27. a3 Rf8 28. Re1 Qd5 29. c4 Qxc4 30. Bd2 Rd8 31. Bc3 b5 32. Rd1 Rxd1+ 33. Qxd1 Qd5 34. Qc2 Qh1+ 35. Ka2 Qxh5 36. Qb3 Qe8 37. Ba5 Qd7 38. Ka1 c4 39. Qb4 Qd1+ 0-1

[Event "23rd ETCC Women 2021"]
[Site "Catez"]
[Date "2021.11.17"]
[Round "5.55"]
[White "Machlik, Edit"]
[Black "Froewis, Annika"]
[Result "1/2-1/2"]
[ECO "D36"]
[WhiteElo "2087"]
[BlackElo "2079"]
[Annotator "NA"]
[PlyCount "82"]
[EventDate "2021.11.08"]
[EventType "team-tourn"]
[EventCountry "SLO"]
[SourceTitle "playchess.com"]
[Source "ChessBase"]
[SourceQuality "1"]
[WhiteTeam "Norway"]
[BlackTeam "Austria"]
[WhiteTeamCountry "NOR"]
[BlackTeamCountry "AUT"]
[TimeControl "40/5400+30:1800+30"]

1. d4 d5 2. c4 e6 3. Nc3 Nf6 4. cxd5 exd5 5. Bg5 Be7 6. e3 c6 7. Qc2 Nbd7 8. Bd3 h6 9. Bh4 O-O 10. Nf3 Re8 11. O-O Nh5 12. Bxe7 Qxe7 13. Rab1 a5 14. a3 Nhf6 15. b4 axb4 16. axb4 b5 17. Ne2 Bb7 18. Nf4 Ra4 19. Qc3 Rea8 20. Rb2 Ra3 21. Rb3 Rxb3 22. Qxb3 Nb6 23. Qc3 Nc4 24. Ra1 Rxa1+ 25. Qxa1 g5 26. Ne2 Nxe3 27. Ng3 Nc4 28. Qa7 Nd6 29. Ne5 Qc7 30. h3 Nfe8 31. Nf5 Nxf5 32. Bxf5 f6 33. Nd7 Kf7 34. Nc5 Nd6 35. g4 h5 36. Kg2 hxg4 37. hxg4 Kg8 38. Be6+ Kh7 39. Bf5+ Kg8 40. Be6+ Kh7 41. Bf5+ Kg8 1/2-1/2